 Dungeon Crawl Stone Soup version 0.27.1 (webtiles) character file.

Game seed: 11219088376831614367

7389 GameOver the Covert (level 11, -2/81 HPs)
             Began as a Naga Hedge Wizard on Sept 3, 2021.
             Was a Priest of Kikubaaqudgha.
             Killed by divine providence
             ... invoked by an orc priest
              (14 damage)
             ... on level 2 of the Orcish Mines.
             The game lasted 00:55:51 (7643 turns).

GameOver the Covert (Naga Hedge Wizard)             Turns: 7643, Time: 00:55:55

Health: -2/81      AC:  6    Str: 12    XL:     11   Next: 14%
Magic:  2/23       EV:  9    Int: 19    God:    Kikubaaqudgha [***...]
Gold:   602        SH:  0    Dex: 10    Spells: 9/26 levels left

rFire    . . .     SeeInvis +   w - +4 flail (vorpal)
rCold    . . .     Faith    +   (no shield)
rNeg     . . .     Spirit   .   b - +0 robe
rPois    +         Reflect  .   a - +0 helmet
rElec    .         Harm     .   h - +0 cloak
rCorr    .         Rampage  .   (no gloves)
Will     +....                  (no barding)
Stlth    ++++......             s - amulet of faith
HPRegen  0.23/turn              (no ring)
MPRegen  0.18/turn              (no ring)

@: very slightly contaminated, very slow
A: AC +3, large, see invisible, deformed body, poison resistance, slowness 2,
spit poison 1, naga tail 1
a: Spit Poison, Renounce Religion, Receive Corpses


You were on level 2 of the Orcish Mines.
You worshipped Kikubaaqudgha.
Kikubaaqudgha was most pleased with you.
You visited 4 branches of the dungeon, and saw 13 of its levels.

You collected 602 gold pieces.

Inventory:

Hand Weapons
 p - a +0 eveningstar
 q - a +3 vampiric trident
 w - a +4 vorpal flail (weapon)
 S - a +1 dagger of electrocution
 W - a +1 flail of holy wrath
Armour
 a - a +0 helmet (worn)
 b - a +0 robe (worn)
 h - a +0 cloak (worn)
Magical Staves
 e - a staff of poison
 j - a staff of air
 E - a staff of fire
Jewellery
 s - an amulet of faith (around neck)
Scrolls
 d - a scroll of vulnerability
 f - 2 scrolls of teleportation
 g - a scroll of brand weapon {unknown}
 k - a scroll of magic mapping {unknown}
 l - 2 scrolls of immolation
 n - a scroll of fear
 t - a scroll of fog {unknown}
 x - a scroll of enchant armour {unknown}
Potions
 c - a potion of mutation
 i - 2 potions of resistance
 m - a potion of curing
 o - 2 potions of haste
 r - 2 potions of berserk rage
 u - a potion of invisibility {unknown}
 v - a potion of attraction {unknown}
 z - a potion of brilliance {unknown}


   Skills:
 - Level 6.0 Maces & Flails
 - Level 1.5 Dodging
 - Level 9.0 Stealth
 + Level 8.4 Spellcasting
 - Level 6.0 Conjurations
 - Level 1.0 Summonings
 - Level 3.0 Translocations
 - Level 5.0 Transmutations
 - Level 5.0 Fire Magic
 - Level 9.0 Poison Magic


You had 9 spell levels left.
You knew the following spells:

 Your Spells              Type           Power      Damage    Failure   Level
a - Magic Dart            Conj           100%       1d8       1%          1
b - Blink                 Tloc           N/A        N/A       3%          2
d - Mephitic Cloud        Conj/Pois/Air  27%        N/A       3%          3
f - Conjure Flame         Conj/Fire      28%        6-21      2%          3
A - Sting                 Tmut/Pois      100%       1d8       1%          1
D - Olgreb's Toxic Radia  Pois           42%        N/A       2%          4
F - Ignite Poison         Fire/Tmut/Pois 32%        N/A       1%          3

Your spell library contained the following spells:

 Spells                   Type           Power      Damage    Failure   Level
 Poisonous Vapours        Pois/Air       50%        N/A       1%          2
 Summon Small Mammal      Summ           44%        N/A       6%          1
 Gell's Gravitas          Tloc           9%         N/A       8%          3
 Teleport Other           Tloc           19%        N/A       8%          3
 Pain                     Necr           32%        1d5       9%          1
 Call Imp                 Summ           11%        N/A       9%          2
 Corpse Rot               Necr/Air       N/A        N/A       13%         2
 Slow                     Hex            8%         N/A       13%         2
 Sublimation of Blood     Necr           4%         N/A       13%         2
 Call Canine Familiar     Summ           11%        N/A       17%         3
 Summon Guardian Golem    Hex/Summ       9%         N/A       22%         3
 Vampiric Draining        Necr           4%         2d6       26%         3
 Bolt of Magma            Conj/Fire/Erth 10%        4d7       47%         5
 Dispel Undead            Necr           8%         3d8       65%         4
 Agony                    Necr           8%         N/A       94%         5
 Borgnjor's Vile Clutch   Necr/Erth      4%         N/A       94%         5
 Dispersal                Tloc           9%         N/A       98%         6
 Death Channel            Necr           4%         N/A       100%        6
 Simulacrum               Ice/Necr       4%         N/A       100%        6


Dungeon Overview and Level Annotations

Branches:
Dungeon (9/15)             Temple (1/1) D:5            Lair (1/6) D:8
    Orc (2/2) D:9
    Elf: Orc:2

Altars:
Ashenzari
Cheibriados
Dithmenos
Elyvilon
Fedhas
Gozag
Hepliaklqana
Kikubaaqudgha
Makhleb
Nemelex Xobeh
Okawaru
Qazlal
Ru
Trog
Uskayaw
Vehumet
Wu Jian
Xom
Yredelemnul
Zin
The Shining One

Shops:
D:6 [   D:9 ((

Annotations:
D:8 Acid dragon
D:9 1 runed translucent door, kthxbai's ghost, novice DsTm


Innate Abilities, Weirdness & Mutations

Your serpentine skin is tough. (AC +3)
You have supernaturally acute eyesight. (SInv)
Armour fits poorly on your strangely shaped body.
Your system is resistant to poisons. (rPois)
You cover ground very slowly.
You can spit poison.
You have a snake-like lower body.


Message History

Kikubaaqudgha accepts your kill.
The orc priest looks even sicker.
Your Spellcasting skill increases to level 8!
Unknown command.
Unknown command.
Unknown command.
You can't do that yet.
You kill the orc warrior!
Kikubaaqudgha accepts your kill.
The orc priest looks even sicker.
You have got your breath back.
An orc priest comes into view. It is wielding a +0 dagger.
The orc priest invokes the aid of Beogh against you.
Beogh smites you!
* * * LOW HITPOINT WARNING * * *
You hear a shout! x2
Unknown command.
Unknown command.
Unknown command.
Unknown command.
Press: ? - help, Shift-Dir - straight line, f - orc
Aim: an orc, wielding a +0 dagger (almost dead, very poisoned)
The splash of poison hits the orc!
The orc looks even sicker.
You kill the orc!
Kikubaaqudgha accepts your kill.
The orc priest shouts!
The orc priest is poisoned.
The orc priest looks as sick as possible!
Unknown command.
The orc priest looks even sicker.
Your toxic aura wanes.
The orc priest looks braver for a moment.
Unknown command.
You have got your breath back.
You kill the orc priest!
Kikubaaqudgha accepts your kill.
The orc priest mumbles some strange prayers to Beogh against you.
Beogh smites you!
You die...
Kikubaaqudgha rasps: "You have failed me!
Welcome... death!"

.#.. P......
##...###..P....
......#....))).
..$.......)P)..
...............
...............
...............
....)).@.....o.
.......†...)...
.....)....)...#
...............
...)...........
............#..
.)..........# .
.........#.##


You could see an orc priest (very poisoned).

Vanquished Creatures
  An ettin (Orc:1)
  An orc knight (Orc:2)
  A cyclops (D:9)
  An unseen horror (D:8)
  A troll (Orc:2)
  A hornet (D:7)
  Sigmund (D:4)
  6 yaks (D:9)
  Eustachio (D:5)
  Edmund (D:5)
  Menkaure (D:6)
  2 wargs
  2 water moccasins
  2 sky beasts
  2 black bears
  12 orc warriors
  3 centaurs
  2 ogres
  2 kobold brigands (D:9)
  2 bullfrogs
  2 scorpions
  A wyvern zombie (D:6)
  A gnoll sergeant (D:7)
  5 killer bees (D:7)
  2 bullfrog skeletons (D:5)
  A centaur zombie (D:9)
  12 orc priests
  3 centaur skeletons
  2 hounds (D:7)
  An iguana (D:4)
  4 orc wizards
  A howler monkey zombie (D:9)
  9 gnolls
  6 adders
  3 white imps
  29 orcs
  5 ball pythons
  6 endoplasms
  5 giant cockroaches
  A goblin (D:1)
  7 hobgoblins
  3 jackals (D:2)
  3 quokkas
  7 bats
  A frilled lizard (D:2)
  17 kobolds
  5 rats
187 creatures vanquished.

Vanquished Creatures (collateral kills)
  A killer bee (D:7)
1 creature vanquished.

Vanquished Creatures (others)
  A bullfrog (D:7)
1 creature vanquished.

Grand Total: 189 creatures vanquished

Notes
Turn   | Place    | Note
-------+----------+-------------------------------------------
     0 | D:1      | GameOver the Naga Hedge Wizard began the quest for the Orb.
     0 | D:1      | Reached XP level 1. HP: 15/15 MP: 4/4
   533 | D:1      | Reached XP level 2. HP: 17/22 MP: 0/6
   586 | D:1      | Found a faded altar of an unknown god.
   782 | D:2      | Reached XP level 3. HP: 6/28 MP: 0/7
  1436 | D:2      | Reached XP level 4. HP: 29/36 MP: 8/8
  1626 | D:3      | Learned a level 2 spell: Blink
  1630 | D:3      | Learned a level 3 spell: Mephitic Cloud
  1634 | D:3      | Learned a level 3 spell: Conjure Flame
  1772 | D:3      | Found a hide-covered altar of Uskayaw.
  2194 | D:3      | Reached XP level 5. HP: 42/42 MP: 5/9
  2309 | D:3      | Found a glowing silver altar of Zin.
  2312 | D:3      | Found an ornate altar of the Wu Jian Council.
  2317 | D:3      | Found an iron altar of Okawaru.
  2464 | D:4      | Reached skill level 5 in Conjurations
  2522 | D:4      | Noticed Sigmund
  2561 | D:4      | Reached XP level 6. HP: 38/49 MP: 2/10
  2724 | D:4      | Found a radiant altar of Vehumet.
  2750 | D:4      | Noticed a black bear
  2757 | D:4      | Killed a black bear
  2758 | D:4      | Reached skill level 1 in Poison Magic
  2952 | D:4      | Reached XP level 7. HP: 55/55 MP: 5/11
  3139 | D:4      | Killed Sigmund
  3140 | D:4      | Reached skill level 5 in Stealth
  3188 | D:5      | Entered Level 5 of the Dungeon
  3336 | D:5      | Found a staircase to the Ecumenical Temple.
  3345 | Temple   | Entered the Ecumenical Temple
  3407 | Temple   | Became a worshipper of Kikubaaqudgha
  3544 | D:5      | Noticed Eustachio
  3577 | D:5      | Killed Eustachio
  3578 | D:5      | Reached XP level 8. HP: 24/62 MP: 2/13
  3682 | D:5      | Noticed Edmund
  3778 | D:5      | Killed Edmund
  3779 | D:5      | Reached skill level 5 in Poison Magic
  4089 | D:6      | Noticed Menkaure
  4175 | D:6      | Found Caniq's Antique Armour Emporium.
  4208 | D:6      | Reached skill level 1 in Maces & Flails
  4281 | D:6      | Killed Menkaure
  4287 | D:6      | Learned a level 4 spell: Olgreb's Toxic Radiance
  4466 | D:6      | You fall into a shaft and drop 1 floor!
  4531 | D:7      | Reached XP level 9. HP: 41/68 MP: 13/15
  4535 | D:7      | Learned a level 3 spell: Ignite Poison
  4539 | D:7      | Learned a level 1 spell: Sting
  4688 | D:7      | Reached * piety under Kikubaaqudgha
  4688 | D:7      | Received a gift from Kikubaaqudgha
  4818 | D:7      | Noticed a hornet
  4828 | D:7      | Killed a hornet
  4829 | D:7      | Reached skill level 5 in Spellcasting
  5275 | D:7      | Found a sacrificial altar of Ru.
  5276 | D:7      | Found a glowing golden altar of the Shining One.
  5567 | D:8      | Found a staircase to the Lair.
  5570 | D:8      | Noticed an unseen horror
  5579 | D:8      | Killed an unseen horror
  5580 | D:8      | Reached skill level 1 in Transmutations
  5580 | D:8      | Reached skill level 1 in Fire Magic
  5822 | D:8      | Found a blossoming altar of Fedhas.
  5822 | D:8      | Found an opulent altar of Gozag.
  6164 | D:9      | Found a staircase to the Orcish Mines.
  6247 | D:9      | Reached XP level 10. HP: 51/75 MP: 5/18
  6325 | D:9      | Reached ** piety under Kikubaaqudgha
  6498 | D:9      | Found a runed translucent door.
  6498 | D:9      | Noticed kthxbai's ghost (novice DsTm)
  6521 | D:9      | Noticed a cyclops
  6576 | D:9      | Found Tatab's Antique Weapon Boutique.
  6838 | D:9      | Found Diathore's Antique Weapon Emporium.
  7035 | D:9      | Killed a cyclops
  7288 | Lair:1   | Entered Level 1 of the Lair of Beasts
  7288 | Lair:1   | Noticed a cane toad
  7443 | Orc:1    | Entered Level 1 of the Orcish Mines
  7460 | Orc:1    | Noticed an ettin
  7510 | Orc:1    | Reached skill level 5 in Maces & Flails
  7536 | Orc:1    | Reached skill level 5 in Transmutations
  7556 | Orc:1    | Killed an ettin
  7557 | Orc:1    | Reached skill level 5 in Fire Magic
  7633 | Orc:2    | Entered Level 2 of the Orcish Mines
  7633 | Orc:2    | Noticed an orc knight
  7638 | Orc:2    | Reached *** piety under Kikubaaqudgha
  7638 | Orc:2    | Received a gift from Kikubaaqudgha
  7639 | Orc:2    | Reached XP level 11. HP: 27/81 MP: 5/22
  7639 | Orc:2    | Killed an orc knight
  7643 | Orc:2    | Killed from afar by an orc priest

Illustrated notes

Levels and vault maps discovered:
D:1:      dpeg_arrival_yet_another_circle, layout_loops_ring,
          hellmonk_ecumenical_altar_slurped_away
D:2:      minmay_general_purpose_star, layout_basic
D:3:      layout_basic, mainiacjoe_overflow_boulevard,
          grunt_temple_overflow_diamond, kennysheep_potato
D:4:      layout_loops_ring, vehumet_crystals, hangedman_decor_slide_cut,
          uniq_sigmund
D:5:      layout_gridville, temple_statues, uniq_eustachio, uniq_edmund
D:6:      layout_rooms, lemuel_coloured_pillars_altar, serial_shops,
          nicolae_shop_overgrown_old_shop, uniq_menkaure
D:7:      layout_gridville, mainiacjoe_overflow_big_doors
D:8:      minmay_klotski, layout_loops_cross,
          gammafunk_temple_overflow_elements, lair_entry_dummy
D:9:      layout_stronghold, david_orc_1_choice, serial_column_ruins,
          column_ruins_corridor_straight, column_ruins_grid_1,
          column_ruins_grid_1, column_ruins_grid_1, column_ruins_open_medium,
          serial_shops, nicolae_shop_behind_doors, nicolae_square_shop,
          hellmonk_ghost_happy_afterlife
Temple:   nicolae_temple_x_marks_the_god
Lair:1:   layout_gridlike, gammafunk_ghost_icy, grunt_megastairs_3,
          infiniplex_staircase_pool_2
Orc:1:    layout_caves
Orc:2:    grunt_orc_gardens, layout_caves, grunt_orc_garden, grunt_orc_garden,
          grunt_orc_garden, grunt_orc_garden, ebering_ghost_disaster_area,
          abandoned_shop

Skill      XL: |  1  2  3  4  5  6  7  8  9 10 11 |
---------------+----------------------------------+-----
Conjurations   | 2 3 4 5 6 |  6.0
Stealth        | 4 6 8 9 |  9.0
Translocations | 2 3 |  3.0
Poison Magic   | 2 4 7 9 |  9.0
Spellcasting   | 4 5 7 8 |  8.4
Maces & Flails | 2 4 6 |  6.0
Transmutations | 3 5 |  5.0
Fire Magic     | 3 5 |  5.0
Dodging        | |  1.5
Summonings     | |  1.0

Action                   |  1- 3 |  4- 6 |  7- 9 | 10-12 || total
-------------------------+-------+-------+-------+-------++-------
Melee: Short sword       |     1 |       |       |       ||     1
       Quarterstaff      |     7 |    22 |    14 |       ||    43
       Flail             |       |       |    61 |    42 ||   103
       Rapier            |       |       |     1 |       ||     1
       Dagger            |       |       |     1 |     3 ||     4
 Cast: Magic Dart        |    38 |    59 |    73 |    23 ||   193
       Mephitic Cloud    |       |     2 |    20 |    10 ||    32
       Blink             |       |       |     1 |     2 ||     3
       Sting             |       |       |    23 |    26 ||    49
       Olgreb's Toxic Ra |       |       |     1 |     5 ||     6
       Ignite Poison     |       |       |       |     4 ||     4
 Abil: Spit Poison       |    24 |    40 |    57 |    35 ||   156
  Use: Potion            |     2 |       |     3 |       ||     5
       Scroll            |       |       |     6 |     4 ||    10
 Stab: Sleeping          |     2 |       |     1 |     1 ||     4
       Confused          |       |       |     2 |     2 ||     4
Armor: Robe              |     6 |    20 |    25 |    19 ||    70
Dodge: Dodged            |    13 |    20 |    38 |    25 ||    96
